 Dungeon Crawl Stone Soup version 0.21-a0-193-g085b6a0 (webtiles) character file.

165 seren the Distorting Demonspawn (level 5, 0/41 HPs)
             Began as a Demonspawn Abyssal Knight on Aug 14, 2017.
             Was a Believer of Lugonu.
             Slain by an orc (4 damage)
             ... on level 4 of the Dungeon.
             The game lasted 00:07:04 (2452 turns).

seren the Distorting Demonspawn (DsAK)              Turns: 2452, Time: 00:07:05

Health: 0/41       AC:  6    Str: 18    XL:     5   Next: 22%
Magic:  8/8        EV: 12    Int: 14    God:    Lugonu [**....]
Gold:   47         SH:  0    Dex: 12    Spells: 4/4 levels left

rFire    . . .     SeeInvis .   a - +1 falchion
rCold    . . .     Gourm    .   (no shield)
rNeg     . . .     Faith    .   e - +0 troll leather armour {Purgy}
rPois    .         Spirit   .   (helmet restricted)
rElec    .         Reflect  .   (no cloak)
rCorr    .         Harm     .   (no gloves)
MR       .....                  (no boots)
Stlth    +.........             n - amulet of rage
HPRegen  0.53/turn              (no ring)
MPRegen  0.11/turn              (no ring)

@: mighty
A: antennae 1, iridescent scales 1
a: Depart the Abyss, Bend Space, Renounce Religion, Evoke Berserk Rage


You were on level 4 of the Dungeon.
You worshipped Lugonu.
Lugonu was pleased with you.
You were not hungry.

You visited 1 branch of the dungeon, and saw 5 of its levels.
You visited the Abyss 1 time.

You collected 47 gold pieces.

Inventory:

Hand Weapons
 a - a +1 falchion (weapon)
Armour
 b - a +0 leather armour
 e - a +0 troll leather armour (worn) {Purgy}
 g - a +2 helmet of intelligence
Jewellery
 n - an amulet of rage (around neck)
 o - an uncursed ring of protection from magic {unknown}
Scrolls
 f - a scroll of random uselessness {unknown}
 h - a scroll of amnesia
 i - a scroll of noise
 k - a scroll of magic mapping
 p - a scroll of remove curse {unknown}
Comestibles
 c - 2 bread rations
 d - a meat ration
 m - 4 chunks of flesh


   Skills:
 - Level 3.2 Fighting
 * Level 3.0 Long Blades
 - Level 2.4 Armour
 - Level 1.9 Dodging
 - Level 4.6 Invocations


You had 4 spell levels left.
You didn't know any spells.

Dungeon Overview and Level Annotations

Branches:
Dungeon (5/15)
 Temple: D:4-7

Altars:
Zin

Annotations:
D:2 scroll behind bars
D:3 Sigmund


Innate Abilities, Weirdness & Mutations

You have a pair of small antennae on your head.
You are partially covered in iridescent scales. (AC +2)


Message History

The orc priest invokes the aid of Beogh against you.
Beogh smites you!
* * * LOW HITPOINT WARNING * * *
You feel better. The orc closely misses you.
You riposte.
You hit the orc.
The orc is almost dead.
The orc closely misses you.
You riposte.
You barely miss the orc. The orc priest closely misses you.
You riposte.
You barely miss the orc priest.
The orc priest is lightly wounded.
You feel very mighty all of a sudden.
The orc priest invokes the aid of Beogh against you.
Pain shoots through your body!
* * * LOW HITPOINT WARNING * * *
The orc hits you with an enchanted short sword.
* * * LOW HITPOINT WARNING * * *
The orc hits you.
* * * LOW HITPOINT WARNING * * *
You closely miss the orc priest.
The orc priest is lightly wounded.
The orc hits you.
You die...

#.......##...#
##.##.##.####.#
#..#...#.# ..#
#....8.### 8.+
#..#....# ...#
##.##...## ...#
# #....#....#
##..o....#
#o@.8.>.#
#..o.$..#
#....#....#
#...###./.#
....# ....
..8.## .8.
.#... .. #.##+#


You could see an orc priest and 2 orcs.

Vanquished Creatures
  Purgy (D:4)
  2 adders
  An ooze (D:2)
  An adder skeleton (D:4)
  A dart slug (D:1)
  2 giant cockroaches
  9 goblins
  4 hobgoblins
  3 jackals (D:1)
  7 bats
  2 frilled lizards
  3 kobolds
  4 rats
40 creatures vanquished.

Notes
Turn   | Place    | Note
-------+----------+-------------------------------------------
     0 | Abyss:1  | seren the Demonspawn Abyssal Knight began the quest for the Orb.
     0 | Abyss:1  | Reached XP level 1. HP: 18/18 MP: 2/2
    31 | D:1      | Escaped the Abyss
    80 | D:1      | Reached skill level 1 in Dodging
   292 | D:1      | Gained mutation: You are partially covered in iridescent scales. (AC +2) [demonic ancestry]
   292 | D:1      | Reached XP level 2. HP: 21/24 MP: 4/4
   653 | D:1      | Reached skill level 3 in Invocations
  1219 | D:2      | Reached ** piety under Lugonu
  1333 | D:2      | Reached XP level 3. HP: 14/29 MP: 5/5
  1771 | D:3      | Noticed Sigmund
  1796 | D:2      | Found a glowing silver altar of Zin.
  2226 | D:1      | Reached skill level 4 in Invocations
  2314 | D:4      | Noticed Purgy
  2328 | D:4      | Killed Purgy
  2328 | D:4      | Gained mutation: You have a pair of small antennae on your head. [demonic ancestry]
  2328 | D:4      | Reached XP level 4. HP: 24/35 MP: 7/7
  2328 | D:4      | Reached XP level 5. HP: 29/41 MP: 8/8
  2405 | D:5      | Entered Level 5 of the Dungeon
  2452 | D:4      | Slain by an orc

Vault maps used:
D:1:      kilobyte_arrival_exit_the_forest
D:2:      zin_scriptorium, kennysheep_generic_room_15
D:3:      lemuel_doored_altar, uniq_sigmund
D:4:      lemuel_crystal_altar, serial_shops, nicolae_shop_trees, first_bread,
          grunt_ministairs_13, uniq_purgy
D:5:      nicolae_alphabet_shops
Abyss:1:  hangedman_abyss_or_decor_slice

Skill      XL: |  1  2  3  4  5 |
---------------+----------------+-----
Dodging        | 1 |  1.9
Long Blades    | 2 3 |  3.0
Armour         | 2 |  2.4
Invocations    | 3 4 |  4.6
Fighting       | |  3.2

Action                   |  1- 3 |  4- 6 || total
-------------------------+-------+-------++-------
Melee: Falchion          |    87 |     8 ||    95
       Short sword       |    59 |       ||    59
  Use: Scroll            |     6 |       ||     6
       Potion            |     2 |     2 ||     4
  Eat: Chunk             |     5 |       ||     5
Armor: Leather armour    |    63 |       ||    63
       Troll leather arm |       |     3 ||     3
Dodge: Dodged            |   106 |     8 ||   114
       Rpst.: Falchion   |    31 |     4 ||    35
